 Dungeon Crawl Stone Soup version 0.31.0-12-g77e489cdc1 (webtiles) character file.

Game seed: 10884653059118015917

304 Dvallin the Ruffian (level 6, -1/51 HPs)
             Began as a Naga Shapeshifter on Feb 29, 2024.
             Slain by a gnoll
             ... wielding a +0 club
              (7 damage)
             ... on level 3 of the Dungeon.
             The game lasted 00:10:05 (1781 turns).

Dvallin the Ruffian (Naga Shapeshifter)             Turns: 1781, Time: 00:10:06

Health: -1/51      AC:  3    Str: 18    XL:     6   Next: 38%
Magic:  6/6        EV:  9    Int: 11    God:
Gold:   101        SH:  0    Dex: 10    Spells: 5/5 levels left

rFire   . .          .
                       - Unarmed
rCold   . . .        (no shield)
rNeg    . . .        a - +0 animal skin
rPois   +            (helmet currently unavailable)
rElec   .            (cloak currently unavailable)
rCorr   .            (gloves currently unavailable)
SInv    +            (no barding)
Will    .....        (no amulet)
Stlth   +++          (no ring)
HPRegen 0.28/turn    (no ring)
MPRegen 0.10/turn

%: no passive effects
@: beast-form, very slow
A: beast (slay +1), AC +2, large, see invisible, deformed body, poison
resistance, slowness 2, spit poison 1, naga tail 1
a: Spit Poison, Begin Untransformation


You were on level 3 of the Dungeon.
You were a hulking beast.
You visited 1 branch of the dungeon, and saw 3 of its levels.

You collected 101 gold pieces.

Inventory:

Armour
 a - a +0 animal skin (worn)
Talismans
 c - a beast talisman
 d - a flux talisman
Scrolls
 e - 4 scrolls of identify {unknown}
 f - a scroll of vulnerability {unknown}
 h - a scroll of revelation {unknown}
 i - a scroll of noise {unknown}
 j - a scroll of teleportation {unknown}
 l - a scroll of enchant armour {unknown}
Potions
 b - a potion of curing {unknown}
 g - a potion of heal wounds


   Skills:
 - Level 1.0 Fighting
 - Level 1.5 Dodging
 + Level 5.4 Stealth
 * Level 5.9 Unarmed Combat
 - Level 3.0 Shapeshifting


You had 5 spell levels left.
You didn't know any spells.
Your spell library contained the following spells:

 Spells                   Type           Power      Damage    Failure   Level
 Kiss of Death            Conj/Necr      0%         2d5       34%         1
 Confusing Touch          Hex            0%         N/A       71%         3
 Dispel Undead            Necr           0%         3d6       98%         4


Dungeon Overview and Level Annotations

Branches:
Dungeon (3/15)

Altars:

Annotations:
D:2 1 runed translucent door, Crazy Yiuf


Innate Abilities, Weirdness & Mutations

You are a hulking beast.
Your limbs bulge with bestial killing power. (Slay +1)
Your serpentine skin is tough. (AC +2)
You have supernaturally acute eyesight. (SInv)
Armour fits poorly on your strangely shaped body.
Your system is resistant to poisons. (rPois)
You cover ground very slowly.
You can spit poison.
You have a snake-like lower body.


Message History

You open the door.
There is an open door here.
As you open the door, it creaks loudly!
You open the door.
Found a spear.
There is an open door here.
You see here a +0 spear.
You open the door.
Found 6 gold pieces.
There is an open door here.
You now have 101 gold pieces (gained 6).
You open the door.
There is an open door here.
You open the door.
An iguana comes into view.
There is an open door here.
The iguana hisses angrily.
The iguana bites you. The iguana bites you!
You hit the iguana.
The iguana is lightly wounded.
The gnoll closely misses you. The iguana bites you!
You hit the iguana.
The iguana is moderately wounded.
The iguana barely misses you. The gnoll hits you with a +0 club.
You closely miss the iguana.
The iguana is moderately wounded.
You punch the gnoll!
The gnoll is severely wounded.
The gnoll hits you with a +0 club. The iguana misses you.
You closely miss the gnoll.
The gnoll is severely wounded.
The gnoll hits you with a +0 club.
* * * LOW HITPOINT WARNING * * *
The iguana closely misses you.
You barely miss the gnoll.
The gnoll is severely wounded.
The iguana bites you!
* * * LOW HITPOINT WARNING * * *
The gnoll hits you with a +0 club!
You die...

.#### #.......#
#.# .# '#
+##'####.# # .
#.....##<# ## .
#.[...##.# '##'
+##+##'..# ###..#
#..#..# #.#..#
#..#..# #.#gl#
#..#.## ..+.h+
+..'.# #.#..#
#..#.#
#.#..#+###+#..#.#
#.#..#.....#..#.#
#.'##+##+##'##'.#
#.#.....#.....###
#.#.....#.....#
#.###'##'##'###
#........)..#


You could see an iguana and a gnoll.

Vanquished Creatures
  Grinder (D:3)
  Jessica (D:2)
  2 adders (D:2)
  A gnoll (D:3)
  4 ribbon worms
  2 ball pythons
  3 endoplasms
  4 giant cockroaches
  5 goblins
  5 hobgoblins
  4 jackals (D:1)
  A kobold (D:2)
  3 quokkas
  3 bats
  2 frilled lizards
  5 rats
46 creatures vanquished.

Notes
Turn   | Place    | Note
-------+----------+-------------------------------------------
     0 | D:1      | Dvallin the Naga Shapeshifter began the quest for the Orb.
     0 | D:1      | Reached XP level 1. HP: 18/18 MP: 1/1
   102 | D:1      | Reached skill level 1 in Stealth
   116 | D:1      | Reached XP level 2. HP: 6/25 MP: 2/2
   629 | D:1      | Reached XP level 3. HP: 31/31 MP: 3/3
   783 | D:2      | Noticed Jessica
   790 | D:2      | Killed Jessica
   843 | D:2      | Found a faded altar of an unknown god.
   918 | D:2      | Reached XP level 4. HP: 31/38 MP: 4/4
  1028 | D:2      | You fall into a shaft and drop 1 floor!
  1038 | D:3      | Noticed Grinder
  1081 | D:3      | Paralysed by Grinder for 5 turns
  1097 | D:3      | Paralysed by Grinder for 3 turns
  1104 | D:3      | Killed Grinder
  1105 | D:3      | Reached skill level 5 in Stealth
  1105 | D:3      | Reached skill level 5 in Unarmed Combat
  1105 | D:3      | Reached XP level 5. HP: 25/44 MP: 5/5
  1105 | D:3      | Reached XP level 6. HP: 29/51 MP: 6/6
  1640 | D:2      | Found a runed translucent door.
  1641 | D:2      | Noticed Crazy Yiuf
  1781 | D:3      | Slain by a gnoll

Illustrated notes

Levels and vault maps discovered:
D:1:      dpeg_arrival_windows_large_door, layout_basic
D:2:      layout_basic, hellmonk_ecumenical_altar_crossroads,
          minmay_misc_feat_square, minmay_between, uniq_jessica,
          uniq_crazy_yiuf_cottage
D:3:      corexii_shack_village, layout_loops_ring,
          mainiacjoe_overflow_24_doors, gammafunk_ghost_split, uniq_grinder

Skill      XL: |  1  2  3  4 |
---------------+-------------+-----
Stealth        | 1 2 3 5 |  5.4
Unarmed Combat | 4 5 |  5.9
Fighting       | |  1.0
Dodging        | |  1.5
Shapeshifting  | |  3.0

Action                     |  1- 3 |  4- 6 || total
---------------------------+-------+-------++-------
  Melee: Unarmed           |    57 |    59 ||   116
         Punch             |     1 |     1 ||     2
Ability: Spit Poison       |    20 |    10 ||    30
    Use: Potion            |       |     4 ||     4
 Armour: Animal skin       |    34 |    26 ||    60
         Skin              |       |    59 ||    59
  Dodge: Dodged            |    18 |    20 ||    38
